 Dungeon Crawl Stone Soup version 0.30-a0-263-ge22c4ad894 (webtiles) character file.

Game seed: 8461374529897090394

134 Anon1729 the Trooper (level 4, -3/37 HPs)
             Began as a Mummy Monk on Oct 13, 2022.
             Was an Initiate of Ru.
             Splashed by a jelly's acid (9 damage)
             ... on level 4 of the Dungeon.
             The game lasted 00:02:50 (1987 turns).

Anon1729 the Trooper (Mummy Monk)                   Turns: 1987, Time: 00:02:50

Health: -3/37      AC:  0    Str: 16    XL:     4   Next: 95%
Magic:  4/4        EV: 12    Int:  9    God:    Ru [......]
Gold:   143        SH:  0    Dex: 14    Spells: 3/3 levels left

rFire   x . .      SeeInvis .    g - +5 short sword
rCold   + . .      Faith    +    (no shield)
rNeg    + + +      Spirit   .    b - +0 robe
rPois   ∞          Reflect  .    e - +0 helmet
rElec   .          Harm     .    (no cloak)
rCorr   .          Rampage  .    f - +0 pair of gloves
Will    .....                    (no boots)
Stlth   ++........               j - amulet of the acrobat
HPRegen 0.26/turn                i - +4 ring of slaying
MPRegen 0.09/turn                (no ring)

@: corroded
A: cold resistance 1, negative energy resistance 3, torment resistance 2, heat
vulnerability 1, in touch with death 1, no potions, faith
a: Renounce Religion


You were on level 4 of the Dungeon.
You worshipped Ru.
Ru was noncommittal.
You visited 1 branch of the dungeon, and saw 4 of its levels.

You collected 143 gold pieces.

Inventory:

Hand Weapons
 a - a +0 spear
 g - a +5 short sword (weapon)
Missiles
 h - 11 poisoned darts (quivered)
Armour
 b - a +0 robe (worn)
 e - a +0 helmet (worn)
 f - a +0 pair of gloves (worn)
Jewellery
 i - a +4 ring of slaying (left hand)
 j - an amulet of the acrobat (around neck)
Wands
 n - a wand of light (6)
Scrolls
 c - 4 scrolls of identify {unknown}
 d - 3 scrolls of blinking {unknown}
 k - a scroll of fear {unknown}
 l - a scroll of brand weapon {unknown}
 m - a scroll of vulnerability {unknown}
 o - a scroll of enchant weapon {unknown}


   Skills:
 + Level 4.0 Fighting
 - Level 2.5(2.8) Polearms
 + Level 1.7(2.4) Staves
 + Level 1.9 Armour
 - Level 2.5 Dodging
 - Level 1.8 Stealth


You had 3 spell levels left.
You didn't know any spells.
Your spell library contained the following spells:

 Spells                   Type           Power      Damage    Failure   Level
 Summon Small Mammal      Summ           0%         N/A       38%         1
 Call Canine Familiar     Summ           0%         N/A       77%         3
 Gell's Gravitas          Tloc           0%         N/A       77%         3
 Lesser Beckoning         Tloc           0%         N/A       77%         3
 Portal Projectile        Hex/Tloc       0%         N/A       77%         3
 Summon Guardian Golem    Hex/Summ       0%         N/A       77%         3
 Teleport Other           Tloc           0%         N/A       77%         3
 Tukima's Dance           Hex            0%         N/A       77%         3
 Flame Wave               Conj/Fire      0%         2d4       99%         4
 Iskenderun's Mystic Bla  Conj/Tloc      0%         2d3       99%         4
 Summon Forest            Summ/Tloc      0%         N/A       100%        5
 Dispersal                Tloc           0%         N/A       100%        6
 Blade Hands              Tmut           Unusable   N/A       N/A         5

Dungeon Overview and Level Annotations

Branches:
Dungeon (4/15)
 Temple: D:4-7

Altars:
Ru
Vehumet


Innate Abilities, Weirdness & Mutations

You are immune to poison.
Your flesh is cold resistant. (rC+)
You are immune to negative energy. (rN+++)
You are immune to unholy pain and torment.
You are vulnerable to heat. (rF-)
You are in touch with the powers of death.
You do not drink.
You have a special connection with the divine. (Faith)


Message History

Found a scroll labelled JAFEOGRIUFI.
There is a stone staircase leading up here.
A hobgoblin comes into view.
The hobgoblin shouts!
A giant cockroach comes into view.
There are monsters nearby!
There are monsters nearby!
A jelly comes into view.
The giant cockroach waves its antennae.
The hobgoblin completely misses you.
You hit the hobgoblin.
The hobgoblin is severely wounded.
The hobgoblin hits you but does no damage.
The giant cockroach closely misses you.
You hit the hobgoblin.
You kill the hobgoblin!
The giant cockroach bites you.
You hit the giant cockroach.
You kill the giant cockroach!
You hit the jelly but do no damage. The acid corrodes you!
Your hands burn!
An adder comes into view.
The jelly hits you.
You are splashed with acid!
You hit the jelly.
Your hands burn!
The jelly is moderately wounded.
The jelly hits you.
You are splashed with acid!
* * * LOW HITPOINT WARNING * * *
You are too injured to fight recklessly!
You are too injured to fight recklessly!
You are too injured to fight recklessly!
You are too injured to fight recklessly!
There are monsters nearby!
Throw: 11 darts (poison)
Press: ? - help, Q - select action, (/) - cycle Shift-Dir - straight line, f - jelly
Aim: a jelly (moderately wounded, 91% to hit)
Okay, then.
Okay, then.
The jelly attacks as you move away! The jelly hits you.
* * * LOW HITPOINT WARNING * * *
You are splashed with acid!
You die...

............ ....
........... ....
.........S# .....
......#..?## .....
......##...#......
...........#......
..................
........##.#.....
.......<##@# ....
........#..J.....#
..................
..................
.............#....
............##....
..##.....#... ...
.. .....###### ..


You could see a jelly and an adder.

Vanquished Creatures
  7 adders
  3 worms
  6 endoplasms
  6 giant cockroaches
  2 goblins
  8 hobgoblins
  6 kobolds
  4 quokkas
  4 ball pythons
  5 bats
  4 frilled lizards
  6 rats
61 creatures vanquished.

Notes
Turn   | Place    | Note
-------+----------+-------------------------------------------
     0 | D:1      | Anon1729 the Mummy Monk began the quest for the Orb.
     0 | D:1      | Reached XP level 1. HP: 18/18 MP: 1/1
   125 | D:1      | Got Afedehidd's Essays on Geometric Conflagration
   205 | D:1      | Reached XP level 2. HP: 24/24 MP: 2/2
   891 | D:1      | Gained mutation: You are in touch with the powers of death.
                  | [Mummy growth]
   891 | D:1      | Reached XP level 3. HP: 26/29 MP: 3/3
  1007 | D:2      | Reached skill level 1 in Armour
  1011 | D:2      | Reached skill level 1 in Staves
  1171 | D:2      | Found a faded altar of an unknown god.
  1178 | D:2      | Reached XP level 4. HP: 37/37 MP: 4/4
  1182 | D:2      | Prayed at the altar of an unknown god.
  1182 | D:2      | Became a worshipper of Ru the Awakened
  1464 | D:3      | Found a radiant altar of Vehumet.
  1702 | D:3      | Found a sacrificial altar of Ru.
  1782 | D:3      | Reached skill level 4 in Fighting
  1987 | D:4      | Splashed by a jelly's acid

Illustrated notes

Levels and vault maps discovered:
D:1:      spicycebolla_green_bress_n_ham, layout_basic
D:2:      layout_rooms, hellmonk_ecumenical_altar_lost_god
D:3:      layout_rooms, mainiacjoe_overflow_tiny_flanked,
          mainiacjoe_overflow_small_starburst
D:4:      layout_cave_pools, guppyfry_early_lair_pool, uniq_blork_the_orc

Skill      XL: |  1  2  3  4 |
---------------+-------------+-----
Armour         | 1 |  1.9
Staves         | 1 |  1.7
Fighting       | 4 |  4.0
Polearms       | |  2.5
Dodging        | |  2.5
Stealth        | |  1.8

Action                   |  1- 3 |  4- 6 || total
-------------------------+-------+-------++-------
Melee: Spear             |    88 |       ||    88
       Short sword       |    34 |    51 ||    85
Invok: Reject Sacrifices |       |     1 ||     1
 Stab: Sleeping          |     5 |     4 ||     9
Armor: Robe              |    26 |     9 ||    35
Dodge: Dodged            |    59 |    30 ||    89

Table legend: (Time is in decaauts)
 A = Elapsed time spent in this place.
 B = Non-inter-level travel time spent in this place.
 C = Inter-level travel time spent in this place.
 D = Time resting spent in this place.
 E = Time spent auto-exploring this place.
 F = Levels seen in this place.
 G = Mean time per level.
                   A        B        C        D        E       F      G
               +--------+--------+--------+--------+--------+-----+--------+
         Total |   1985 |   1892 |     93 |     73 |   1380 |   4 |  496.2 |
       Dungeon |   1985 |   1892 |     93 |     73 |   1380 |   4 |  496.2 |
               +--------+--------+--------+--------+--------+-----+--------+

Top non-repeatable levels by time:
     D:1: 960 daAuts
     D:3: 514 daAuts
     D:2: 496 daAuts
     D:4: 13 daAuts
